 Dungeon Crawl Stone Soup version 0.29-a0-283-ga02f740833 (webtiles) character file.

Game seed: 656910422608743094

26 spaghetti the Covered (level 3, 0/23 HPs)
             Began as a Tengu Chaos Knight on Mar 13, 2022.
             Was a Plaything of Xom.
             Slain by a hobgoblin (2 damage)
             ... on level 3 of the Dungeon.
             The game lasted 00:01:54 (1067 turns).

spaghetti the Covered (Tengu Chaos Knight)          Turns: 1067, Time: 00:01:54

Health: 0/23       AC: 11    Str: 14    XL:     3   Next: 8%
Magic:  4/4        EV:  4    Int: 12    God:    Xom [..*...]
Gold:   53         SH:  0    Dex: 13    Spells: 2/2 levels left

rFire   . . .      SeeInvis .   d - +0 whip (venom) {mace}
rCold   . . .      Faith    .   (no shield)
rNeg    . . .      Spirit   .   f - +0 plate armour
rPois   .          Reflect  .   (helmet restricted)
rElec   .          Harm     .   (no cloak)
rCorr   .          Rampage  .   (no gloves)
Will    .....                   (boots unavailable)
Stlth   ..........              (no amulet)
HPRegen 0.07/turn               (no ring)
MPRegen 0.09/turn               (no ring)

@: no status effects
A: beak, talons 3
a: Renounce Religion


You were on level 3 of the Dungeon.
You worshipped Xom.
You were a toy of Xom.
You visited 1 branch of the dungeon, and saw 3 of its levels.

You collected 53 gold pieces.


Innate Abilities, Weirdness & Mutations

You have a beak for a mouth.
You have claws for feet.


   Skills:
 - Level 3.0 Fighting
 - Level 3.2 Maces & Flails
 + Level 3.8 Armour
 - Level 1.1 Dodging


You had 2 spell levels left.
You didn't know any spells.
Your spell library was empty.

Inventory:

Hand Weapons
 a - a +0 mace of chaos {mace}
 d - a +0 whip of venom (weapon) {mace}
   (You found it on level 2 of the Dungeon)
Missiles
 e - 49 stones (quivered) {throwing}
 i - 4 poisoned darts {throwing}
Armour
 b - a +3 leather armour
 f - a +0 plate armour (worn)
   (Xom gifted it to you on level 1 of the Dungeon)
 j - a +0 cloak
   (You found it on level 2 of the Dungeon)
Miscellaneous
 c - a piece from Xom's chessboard (7/15)

Dungeon Overview and Level Annotations

Branches:
Dungeon (3/15)

Altars:

Annotations:
D:2 Terence

,,,,*,,,,,,,,,,,,,,,,,,,,,,,*
,,,,,,,,,##....##..#,,,,,,,,*
,,,*,,,,...#..oo...#,,,,,,,,*
,,,,,,**#..........,,,,,,,,,*****
,,,,,,* #....o.o..#*,,,,,,,,,,,,,
,,,,,,* *#.B......#*,,,,,,,,,,,,,
*,**,****#........#***,,,,,*,,,,,
*,,,,,,,,#.....g..######**,,,,,,,
*,,,,.,,,#.....K@.......,,,,,,,,,
*,,,,....#.#.#..########****,,,,,
*,,,,.......o..## *,,,,,
***,*######..### *,,,,, ,,,,*
##.# *,,,,, ***** *#.#*** ******
*...,,* *...,,* #...,,*


You could see 5 orcs, a giant cockroach, a hobgoblin and a kobold.


Message History

MASSIVE DAMAGE!! (PAUSE)
Okay, then.
As you read the scroll of fear, it crumbles to dust.
You assume a fearsome visage.
Terence looks frightened!
The quokka looks frightened!
The kobold looks frightened!
The giant cockroach looks frightened!
The quokka looks frightened!
The hobgoblin looks frightened!
The giant cockroach waves its antennae.
The kobold gibbers meaninglessly.
A goblin comes into view. It is wielding a +1 dagger of venom.
The goblin shouts!
You see here a +0 whip of venom {mace}.
d - a +0 whip of venom {mace}
Found an escape hatch in the floor.
The goblin attacks as you move away! The goblin hits you but does no damage.
You are poisoned.
You feel sick. 😮 HP[-2]
You take 2 damage, and now have 13/23 hp.
The goblin attacks as you move away! The goblin hits you but does no damage.
You are more poisoned.
You feel sick. 😮 HP[-1]
You take 1 damage, and now have 12/23 hp.
You feel better. The goblin hits you but does no damage.
You are poisoned. 😕 HP[+7]
You regained 7 hp, and now have 19/23 hp.
You feel better. The goblin hits you but does no damage.
You are poisoned. 😎 HP[+4]
Your hp is fully restored (23).
Your +0 whip of venom {mace} begins to drip with poison!
d - a +0 whip of venom (weapon)
{mace} You feel sick. 😕 HP[-2]
You take 2 damage, and now have 21/23 hp.
You barely miss the goblin.
You feel sick. The goblin hits you but does no damage.
You are more poisoned. 😕 HP[-1]
You take 1 damage, and now have 20/23 hp.
You closely miss the goblin. Your kick misses the goblin.
You feel very sick. The goblin barely misses you. 😮 HP[-4]
You take 4 damage, and now have 16/23 hp.
You barely miss the goblin. You claw the goblin.
You kill the goblin!
You feel very sick. 😮 HP[-3]
You take 3 damage, and now have 13/23 hp.
Unknown command.
You hit the frilled lizard.
You kill the frilled lizard!
* * * LOW HITPOINT WARNING * * *
You feel sick. 😨 HP[-2]
You take 2 damage, and now have 11/23 hp.
You are seriously poisoned (11 -> 1).
Your movement speed is average.
Your attack delay is about 0.9.
* * * LOW HITPOINT WARNING * * *
You feel sick. 😨 HP[-2]
You take 2 damage, and now have 9/23 hp.
* * * LOW HITPOINT WARNING * * *
You feel sick. 😨 HP[-2]
You take 2 damage, and now have 7/23 hp.
You feel sick. 😨 HP[-1]
You take 1 damage, and now have 6/23 hp.
You feel sick.
There is an escape hatch in the floor here. 😱 HP[-1]
You take 1 damage, and now have 5/23 hp.
You feel sick.
You slide downwards.
The hatch slams shut behind you.
You feel sick.
The orc shouts!
The hobgoblin shouts!
The kobold shouts! 😱 HP[-2]
You take 2 damage, and now have 3/23 hp.
Unknown command.
You aren't carrying any potions.
Okay, then.
As you read the scroll labelled HESKIE XENICI, it crumbles to dust.
You feel aware of your surroundings.
You sensed 1 altar.
It was a scroll of magic mapping.
You feel sick. 😱 HP[-1]
You take 1 damage, and now have 2/23 hp.
Found a stone staircase leading up.
You feel sick.
You are no longer poisoned.
A giant cockroach comes into view.
An orc comes into view. It is wielding a +0 trident.
An orc comes into view. It is wielding a +0 hand axe.
The kobold attacks as you move away! The kobold hits you but does no damage.
The orc shouts! x2 2 orcs come into view.
An orc is wielding a +0 antimagic morningstar.
The hobgoblin hits you.
You die...

Skill      XL: |  1  2 |
---------------+-------+-----
Armour         | 3 |  3.8
Fighting       | |  3.0
Maces & Flails | |  3.2
Dodging        | |  1.1

Action                   || total
-------------------------++-------
Melee: Mace              ||    44
       Peck              ||     6
       Kick              ||    10
       Whip              ||     4
Throw: Stone             ||    32
Evoke: Piece from Xom's  ||     9
  Use: Scroll            ||     5
       Potion            ||     2
Armor: Leather armour    ||    11
       Plate armour      ||     9
Dodge: Dodged            ||    31

Levels and vault maps discovered:
D:1:      erik_arrival_triangle_small, layout_loops_ring
D:2:      layout_loops_cross, basic_altar, chequers_arboretum,
          serial_park_tiny_1, kennysheep_cluttered_room,
          chequers_serial_rivers_small_b, uniq_crazy_yiuf_cottage, uniq_terence,
          uniq_robin
D:3:      layout_rooms, mainiacjoe_overflow_24_doors, chequers_mini_garden,
          uniq_natasha, uniq_sigmund

Notes
Turn   | Place    | Note
-------+----------+-------------------------------------------
     0 | D:1      | spaghetti the Tengu Chaos Knight began the quest for the
                  | Orb.
     0 | D:1      | Reached XP level 1. HP: 14/14 MP: 2/2
     0 | D:1      | magus.rc [v1.9.6]
   170 | D:1      | Reached XP level 2. HP: 19/19 MP: 3/3
   226 | D:1      | Reached skill level 3 in Armour
   416 | D:1      | XOM: silly message
   732 | D:1      | Reached XP level 3. HP: 23/23 MP: 4/4
   957 | D:1      | XOM: god gift: plate armour {god gift}
  1027 | D:2      | Noticed Terence
  1060 | D:2      | HP: 5/23 [poisoned by a goblin]
  1063 | D:3      | HP: 2/23 [poisoned by a goblin]
  1067 | D:3      | Slain by a hobgoblin

Vanquished Creatures
  A dart slug (D:1)
  2 endoplasms (D:1)
  A hobgoblin (D:1)
  6 jackals (D:1)
  3 quokkas (D:1)
  3 ball pythons (D:1)
  A bat (D:1)
  3 frilled lizards
  A goblin (D:2)
  2 kobolds (D:1)
23 creatures vanquished.

Table legend:
 A = Non-vault XP
 B = Vault XP
 C = Vault XP percentage of total XP
 D = Non-vault monster count
 E = Vault monster count
 F = Vault count percentage of total count
                 A         B        C        D         E       F
            +---------+---------+-------+---------+---------+-------
      Total |      38 |       0 |   0.0 |      23 |       0 |   0.0
            +---------+---------+-------+---------+---------+-------
        D:1 |      36 |       0 |   0.0 |      21 |       0 |   0.0
        D:2 |       2 |       0 |   0.0 |       2 |       0 |   0.0
            +---------+---------+-------+---------+---------+-------

Illustrated notes

Table legend:
 A = Kills in this place as a percentage of kills in entire the game.
 B = Kills by you in this place as a percentage of kills by you in the entire game.
 C = Kills by friends in this place as a percentage of kills by friends in the entire game.
 D = Other kills in this place as a percentage of other kills in the entire game.
 E = Experience gained in this place as a percentage of experience gained in the entire game.
 F = Experience gained in this place divided by the number of levels of this place that you have seen.
                   A       B       C       D       E      F
               +-------+-------+-------+-------+-------+----------------------
         Total | 100.0 | 100.0 |   N/A |   N/A | 100.0 |  12.7
       Dungeon | 100.0 | 100.0 |   N/A |   N/A | 100.0 |  12.7
               +-------+-------+-------+-------+-------+----------------------

Table legend: (Time is in decaauts)
 A = Elapsed time spent in this place.
 B = Non-inter-level travel time spent in this place.
 C = Inter-level travel time spent in this place.
 D = Time resting spent in this place.
 E = Time spent auto-exploring this place.
 F = Levels seen in this place.
 G = Mean time per level.
                   A        B        C        D        E       F      G
               +--------+--------+--------+--------+--------+-----+--------+
         Total |   1079 |   1047 |     32 |      0 |    860 |   3 |  359.7 |
       Dungeon |   1079 |   1047 |     32 |      0 |    860 |   3 |  359.7 |
               +--------+--------+--------+--------+--------+-----+--------+

Top non-repeatable levels by time:
     D:1: 1041 daAuts
     D:2: 34 daAuts
     D:3: 4 daAuts
